 Dungeon Crawl Stone Soup version 0.13.0-29-gdb529de (webtiles) character file.

493 M4edhros the Charlatan (level 6, 0/39 HPs)
             Began as an Octopode Artificer on Nov 14, 2013.
             Was a Follower of Nemelex Xobeh.
             Slain by Grinder (10 damage)
             ... while paralysed by Grinder
             ... on Level 4 of the Dungeon.
             The game lasted 00:08:32 (3611 turns).

M4edhros the Charlatan (Octopode Artificer)         Turns: 3611, Time: 00:08:32

HP   0/39        AC  1     Str 10      XL: 6   Next: 21%
MP  12/12        EV  2     Int 17      God: Nemelex Xobeh [*.....]
Gold 225         SH  0     Dex 12      Spells:  0 memorised,  5 levels left

Res.Fire  : . . .   See Invis. : .   a - +0 short sword
Res.Cold  : . . .   Warding    : .   (no shield)
Life Prot.: . . .   Conserve   : .   (helmet restricted)
Res.Poison: .       Res.Corr.  : .   p - amulet of rage
Res.Elec. : .       Clarity    : .   B - ring of wizardry
Sust.Abil.: . .     Spirit.Shd : .   (no ring)
Res.Mut.  : .       Stasis     : .   (no ring)
Res.Rott. : .       Flight     : .   (no ring)
Saprovore : . . .                    (no ring)
                                     (no ring)
                                     (no ring)
                                     (no ring)

@: paralysed, slightly resistant to hostile enchantments, stealthy
A: almost no armour, amphibious, 8 rings, constrict 8, camouflage 1, AC +1
a: Draw One, Renounce Religion, Evoke Berserk Rage


You were on level 4 of the Dungeon.
You worshipped Nemelex Xobeh.
Nemelex Xobeh was aware of your devotion.
You were not hungry.

You visited 1 branch of the dungeon, and saw 4 of its levels.

You collected 205 gold pieces.

Inventory:

Hand weapons
 a - a +0,+0 short sword (weapon)
 o - a +0,+0 sling
 u - a +0,+0 sling
Missiles
 q - 31 stones (quivered)
Magical devices
 b - a wand of flame (9)
 c - a wand of enslavement (7)
 d - a wand of random effects (12)
Comestibles
 f - 5 bread rations
 l - a meat ration
 n - 2 pears
 z - a choko
 C - an apple
Scrolls
 e - a scroll of blinking {unknown}
 g - a scroll of noise {unknown}
 h - a scroll of fear {unknown}
 i - a scroll of curse weapon {unknown}
 k - a scroll of enchant armour {unknown}
 m - 3 scrolls of remove curse {unknown}
 s - a scroll of enchant weapon II {unknown}
 w - a scroll of enchant weapon I {unknown}
 x - a scroll of curse jewellery {unknown}
 A - a scroll of identify {unknown}
Jewellery
 p - an amulet of rage (around mantle)
 B - a ring of wizardry (left tentacle)
Potions
 t - a potion of agility {unknown}
 v - a potion of confusion {unknown}
Miscellaneous
 j - a plain deck of destruction {drawn: 1}
 y - a plain deck of destruction {drawn: 2}


   Skills:
 - Level 1.0 Fighting
 - Level 1.0 Short Blades
 + Level 4.2 Dodging
 - Level 1.3 Stealth
 * Level 6.5 Evocations


You had 5 spell levels left.
You didn't know any spells.

Dungeon Overview and Level Annotations

Branches:
Dungeon (4/27)
 Temple: D:4-7

Altars:
Nemelex Xobeh

Annotations:
D:4 Grinder


Innate Abilities, Weirdness & Mutations

You cannot wear most types of armour.
You are amphibious.
You can wear up to eight rings at the same time.
You can use your tentacles to constrict many enemies at once.
Your skin changes colour to match your surroundings (Stlth).
Your rubbery body absorbs attacks (AC +1).


Message History

The halberd glows slightly and disappears.
Nemelex Xobeh is aware of your devotion.
You start resting.
Grinder is no longer charmed.
Grinder gestures at you. Pain shoots through your body!
* * * LOW HITPOINT WARNING * * *
Evoke which item? (* to show all) (? for menu, Esc to quit)
Zapping:
b - a wand of flame (10)
Press: ? - help, Shift-Dir - straight line, f - Grinder
Aim: Grinder (heavily wounded, softly glowing)
The puff of flame hits Grinder.
Grinder is heavily wounded.
This wand has 9 charges left.
Grinder stops glowing.
Grinder gestures at you.
You suddenly lose the ability to move!
Grinder barely misses you. Grinder hits you!
You die...
Your body glows slightly and disappears.

#.........# #.#.###.#.#
##### ###.#.#!#.#.##
...... #...#.###.#..#
.......
#............#####
.......
#...#.###.#.......
......)
#............#####
......)%####............#
......g5'.##@...........#
........#.##5<..........#
.......#...............#
..(....####............#
+###### ##########.###
#...# #.### #
#########+### #
#...........# #


You could see Grinder.

Vanquished Creatures
  A hound (D:4)
  An ogre skeleton (D:4)
  8 adders
  4 gnolls (D:4)
  An adder skeleton (D:4)
  4 giant geckos
  An orc (D:4)
  A bat skeleton (D:4)
  2 giant cockroaches
  8 goblins
  13 hobgoblins
  6 kobolds
  An ooze (D:4)
  2 quokkas (D:2)
  8 bats
  3 giant newts (D:2)
  10 jackals
  3 rats
77 creatures vanquished.

Vanquished Creatures (collateral kills)
  A gnoll shaman (D:4)
  A centaur skeleton (D:4)
  A gnoll (D:4)
  A quokka (D:2)
  A rat (D:4)
5 creatures vanquished.

Grand Total: 82 creatures vanquished

Notes
Turn   | Place    | Note
--------------------------------------------------------------
     0 | D:1      | M4edhros, the Octopode Artificer, began the quest for the Orb.
     0 | D:1      | Reached XP level 1. HP: 14/14 MP: 1/1
   240 | D:2      | Reached XP level 2. HP: 13/19 MP: 3/3
   372 | D:2      | Reached XP level 3. HP: 24/24 MP: 4/4
   376 | D:2      | Found a sparkling altar of Nemelex Xobeh.
   380 | D:2      | Became a worshipper of Nemelex Xobeh
   517 | D:2      | Received a gift from Nemelex Xobeh
   635 | D:2      | Reached skill level 4 in Evocations
  1027 | D:1      | Reached XP level 4. HP: 20/29 MP: 6/6
  1848 | D:3      | HP: 1/29 [poison (a potion of poison)]
  2365 | D:3      | Acquired Nemelex Xobeh's first power
  2524 | D:4      | Reached skill level 5 in Evocations
  2550 | D:4      | Received a gift from Nemelex Xobeh
  2574 | D:4      | Reached XP level 5. HP: 10/34 MP: 5/9
  2654 | D:4      | HP: 1/34 [hound (2)]
  3168 | D:4      | Reached skill level 6 in Evocations
  3562 | D:4      | Reached XP level 6. HP: 28/39 MP: 12/12
  3579 | D:4      | Noticed Grinder
  3609 | D:4      | Paralysed by Grinder for 4 turns
  3611 | D:4      | Slain by Grinder

Action                   |  1- 3 |  4- 6 || total
-------------------------+-------+-------++-------
Melee: Short sword       |    61 |   124 ||   185
 Fire: Sling             |       |     5 ||     5
Invok: Draw One          |       |     2 ||     2
Evoke: Wand              |     5 |    12 ||    17
       Deck              |     1 |       ||     1
  Use: Potion            |     3 |     4 ||     7
 Stab: Sleeping          |     4 |     2 ||     6
       Distracted        |     1 |       ||     1
